AoeStats
← 文風

Arabia

509924650Analyzed
1v1 RM · 3d ago on Sep 28, 2026· 32m 48s· 2 players
Game mode
Random Map
Map size
Tiny (2 player)
Population
200
Speed
Normal
Resources
Standard
Victory
Conquest
Starting age
Dark Age
Ending age
Imperial Age
RankedLock teamsTeams togetherTeam positionsShared explorationLock speedFull tech treeHidden civsTurbo modeCheats
Victory
Defeat
🇭🇰 Spanish · Hong Kong SAR China
1513
+13
🇸🇰 Persians · Slovakia
1448
-13
文風
11:28 Feudal Age
13:10 Double-Bit Axe
15:43 Castle Age
14:41 Horse Collar
16:23 Loom
18:13 Bow Saw
24:03 Wheelbarrow
25:42 Husbandry
25:52 Bloodlines
28:08 Heavy Plow
31:34 Imperial Age
30:21 Padded Archer Armor
30:11 Fletching
32:11 Leather Archer Armor
31:52 Bodkin Arrow
31:46 Elite Skirmisher
33:29 Ring Archer Armor
žralok ty kokot
7:08 Loom
9:18 Feudal Age
10:01 Double-Bit Axe
10:57 Horse Collar
19:30 Castle Age
19:04 Fletching
20:11 Padded Archer Armor
21:08 Bodkin Arrow
21:40 Husbandry
22:22 Bow Saw
22:36 Bloodlines
25:28 Parthian Tactics
27:07 Ballistics
26:51 Gold Mining
27:50 Town Watch
Connection lost

Rejoining the realm…

Still unreachable

The connection could not be restored.

Session expired

The server has moved on; the page needs a fresh start.